 Dungeon Crawl Stone Soup version 0.20-a0-217-g17e8ceb (webtiles) character file.

61 Lochraine the Magician (level 3, -5/26 HPs)
             Began as a Draconian Earth Elementalist on Nov 28, 2016.
             Slain by an iguana (12 damage)
             ... on level 3 of the Dungeon.
             The game lasted 00:05:06 (1991 turns).

Lochraine the Magician (DrEE)                       Turns: 1991, Time: 00:05:07

Health: -5/26      AC:  7    Str: 10    XL:     3   Next: 83%
Magic:  1/7        EV: 12    Int: 16    God:
Gold:   152        SH:  0    Dex: 11    Spells: 4/8 levels left

rFire  . . .     SeeInvis .     i - -1 hunting sling (curse)
rCold  . . .     Gourm    .     (armour unavailable)
rNeg   . . .     Faith    .     (no shield)
rPois  .         Spirit   .     (helmet restricted)
rElec  .         Reflect  .     (no cloak)
rCorr  .         Harm     .     (no gloves)
MR     .....                    k - +1 pair of boots
Stlth  ++........               v - amulet of magic regeneration
                                (no ring)
                                (no ring)

@: very slightly contaminated
A: unfitting armour, cold-blooded, AC +5
a: no special abilities


You were on level 3 of the Dungeon.
You were hungry.

You visited 1 branch of the dungeon, and saw 3 of its levels.

You collected 152 gold pieces.

Inventory:

Hand Weapons
 i - a cursed -1 hunting sling (weapon)
 j - a +1 spear of venom
 l - a cursed -3 spear
Missiles
 b - 91 stones (quivered)
Armour
 k - a +1 pair of boots (worn)
Magical Staves
 p - an uncursed staff of earth {unknown}
Jewellery
 s - an uncursed ring of protection from cold {unknown}
 v - an amulet of magic regeneration (around neck)
Scrolls
 g - a scroll of noise
 o - 2 scrolls of identify
 q - a scroll of teleportation
Potions
 e - a potion of mutation {unknown}
 f - a potion of haste {unknown}
 h - a potion of might {unknown}
 t - 2 potions of degeneration {unknown}
 u - a potion of lignification {unknown}
Books
 d - a book of Geomancy

   Spells                             Type                      Level
   a - Sandblast                      Earth                        1
   b - Passwall                       Transmutation/Earth          2
   c - Stone Arrow                    Conjuration/Earth            3
   d - Petrify                        Transmutation/Earth          4
   e - Lee's Rapid Deconstruction     Earth                        5
Comestibles
 c - 3 bread rations
 m - a meat ration
 r - 4 fruits


   Skills:
 - Level 1.7 Dodging
 - Level 1.7 Stealth
 + Level 3.4 Spellcasting
 + Level 1.0 Conjurations
   Level 1.0 Transmutations
 + Level 3.4 Earth Magic


You had 4 spell levels left.
You knew the following spells:

 Your Spells              Type           Power        Failure   Level  Hunger
a - Sandblast             Erth           ##....       6%          1    None
b - Stone Arrow           Conj/Erth      #.....       21%         3    ###....


Dungeon Overview and Level Annotations

Branches:
Dungeon (3/15)

Altars:


Innate Abilities, Weirdness & Mutations

Your plain brown scales are hard. (AC +5)
You cannot fit into any form of body armour.
You are cold-blooded and may be slowed by cold attacks.


Message History

The iguana bites you.
* * * LOW HITPOINT WARNING * * *
Unknown command.
Casting: Stone Arrow
Confirm with . or Enter, or press ? or * to list all spells.
Aiming: Sandblast
Press: ? - help, Shift-Dir - straight line, f/p - iguana
Aim: an iguana (almost dead)
The blast of sand hits the iguana.
The iguana is almost dead.
The iguana misses you.
Casting: Sandblast
Confirm with . or Enter, or press ? or * to list all spells.
Aiming: Sandblast
Press: ? - help, Shift-Dir - straight line, f/p - iguana
Aim: an iguana (almost dead)
The blast of sand hits the iguana.
The iguana is almost dead.
The iguana bites you!
You die...

....#....###.#####..##...####.###
......#..# #...............^....#
###.#...## ####)###.##...####.#.#
.......## #.# #.###§## ###.####
#.# #.###§#####.# # #.# #.#
#...§§§§....# # #.# #.#
#####§####### ###.# #.#######.#
..).# #.@l....#.# #####
#######.#.# # #.#.# # #.#.# #
#.#.. # ###.# #...# ###
#.######.# #.## #........#


You could see an iguana.

Vanquished Creatures
  An adder (D:3)
  A worm (D:2)
  3 leopard geckos
  A giant cockroach (D:1)
  11 goblins
  5 hobgoblins
  2 jackals (D:1)
  A quokka (D:2)
  6 bats (D:1)
  7 kobolds
  3 rats
41 creatures vanquished.

Notes
Turn   | Place    | Note
-------+----------+-------------------------------------------
     0 | D:1      | Lochraine the Draconian Earth Elementalist began the quest for the Orb.
     0 | D:1      | Reached XP level 1. HP: 14/14 MP: 3/3
   271 | D:1      | Reached XP level 2. HP: 18/20 MP: 3/5
   835 | D:2      | Reached XP level 3. HP: 26/26 MP: 7/7
   842 | D:2      | Learned a level 3 spell: Stone Arrow
  1711 | D:3      | Reached skill level 1 in Conjurations
  1991 | D:3      | Slain by an iguana

Vault maps used:
D:1:      minmay_arrival_jagged
D:2:      serial_forest, infiniplex_forest_straight_2,
          infiniplex_forest_lined_3, infiniplex_forest_side_room,
          infiniplex_forest_clump_curved, infiniplex_forest_clump_small,
          infiniplex_forest_end_3, infiniplex_forest_clump_diagonal
D:3:      chequers_ecumenical_altar_island

Skill      XL: |  1  2  3 |
---------------+----------+-----
Spellcasting   | 3 |  3.4
Conjurations   | 1 |  1.0
Dodging        | |  1.7
Stealth        | |  1.7
Transmutations | |  1.0
Earth Magic    | |  3.4

Action                   || total
-------------------------++-------
 Fire: Hunting sling     ||   175
 Cast: Sandblast         ||    23
       Stone Arrow       ||     1
  Use: Scroll            ||     9
       Potion            ||     1
  Eat: Royal jelly       ||     1
       Chunk             ||     1
Armor: Skin              ||    36
Dodge: Dodged            ||    91
